[Event "Early-Titled-Tuesday-Blitz-April-23-2024"]
[Site "Chess.com"]
[Date "2024.04.23"]
[Round "4"]
[White "Fantastic_Power"]
[Black "Grandelicious"]
[Result "1/2-1/2"]
[WhiteElo "2738"]
[BlackElo "2897"]
[TimeControl "180+1"]
[EndTime "8:44:14 PDT"]
[Termination "Game drawn - insufficient material"]

1. e4 c5 2. Nf3 a6 3. d4 cxd4 4. c3 dxc3 5. Nxc3 d6 6. Bc4 Nc6 7. O-O Nf6 8. h3 e6 9. Qe2 Be7 10. Rd1 e5 11. Bg5 O-O 12. a4 Be6 13. Bxf6 Bxf6 14.
Bd5 Nd4 15. Qd3 Qb6 16. Rab1 Rac8 17. Nxd4 exd4 18. Ne2 Bxd5 19. exd5 Rfe8 20. b4 g6 21. a5 Qa7 22. g3 Re5 23. Nxd4 Rce8 24. Qf3 Kg7 25. b5 axb5 26. Nxb5 Qc5 27. Rdc1 Re1+ 28.
Rxe1 Rxe1+ 29. Rxe1 Qxb5 30. Kg2 Qxa5 31. Rb1 b5 32.
Qb3 Bd4 33. Qxb5 Qd2 34. Qf1 Bc5 35. Rd1 Qa2 36. Rd3 h5 37. h4 Qc2 38. Rf3 Qe4 39. Qd3 Qe5 40. Qc3 Bd4 41. Qc4 Bc5 42. Rd3 Qe2 43.
Qc3+ Kg8 44. Rf3 Qe4 45. Qd3 Qe5 46. Kf1 Qa1+ 47. Ke2 Qe5+ 48. Kd1 Bb4 49. Re3 Qa1+ 50. Ke2 Qe1+ 51. Kf3 Qh1+ 52. Ke2 Qe1+ 53. Kf3 Qh1+ 54. Kf4 Qg2 55. Re8+ Kh7 56. Re2 Bc5 57. Qf3 Qh3 58.
Ke4 Kg8 59. Kd3 Qc8 60. Ra2 Qb7 61. Kc2 Qb5 62. Qe4 Qb7 63. Kc1 Qc7 64. Rc2 Qa7 65. Kd1 Qa1+ 66. Ke2 Qf6 67. Kf1 Qa1+ 68. Kg2 Qf6 69. Qf3 Qe5 70. Rc4 Kg7 71. Re4 Qxd5 72. Rf4 Qe6 73. Qc3+ Qe5 74. Qxe5+ dxe5 75. Rc4 Bd4 76.
Rc6 f5 77. Rc7+ Kh6 78. Rc6 e4 79. Kf1 Ba7 80. Ke2 Bd4 81. Ra6 Bc5 82. Ra5 Bb6 83.
Rb5 Bd4 84. Rd5 Bb6 85. Rd7 Bc5 86. f3 exf3+ 87. Kxf3 Bb6 88. Ke2 Bc5 89. Rd3 Bb6 90. Rf3 Bc7 91. Kd3 Be5 92. Kc4 Kg7 93. Kd5 Kf6 94. Re3 Bc7 95. Kc6 Be5 96. Kd5 Bc7 97. Rc3 Bb8 98. Rb3 Bc7 99. Ra3 f4 100. gxf4 Kf5 101. Kd4 Bxf4 102. Kd3 Bg3 103. Ra4 Bf4 104. Ke2 Kg4 105. Ra6 Kf5 106. Kf3 g5 107. Ra5+ Kg6 108. hxg5 Bxg5 109. Kg3 Bf6 110. Ra6 Kf5 111. Kh3 Kg6 112. Ra5 Kh6 113. Rb5 Kg6 114. Rd5 Kh6 115. Kg3 Kg6 116. Kf4 Bg7 117.
Rd6+ Bf6 118. Ke4 Kf7 119. Kf5 Be7 120. Rh6 Kg7 121.
Rxh5 Ba3 122. Rh3 Bb2 123. Rh1 Kf7 124. Rh7+ Ke8 125. Ke6 Kd8 126. Rh2 Bc3 127. Rc2 Ba5 128. Rc5 Bb6 129. Rc6 Bc7 130. Ra6 Kc8 131. Kd5 Kb7 132. Rg6 Bb8 133. Kc5 Ba7+ 134. Kb5 Bb8 135. Rg7+ Ka8 136. Kc6 Ba7 137. Rh7 Bb8 138. Rh1 Bf4 139. Rh3 Bb8 140. Rb3 Ba7 141.
Kd7 Bb8 142. Kc8 Ba7 143. Rb5 Be3 144. Kc7 Bf4+ 145. Kc6 Bb8 146. Rf5 Ba7 147. Kb5 Bb8 148. Rf7 Ba7 149. Ka6 Bb8 150. Kb6 Bg3 151. Rf8+ Bb8 152. Rxb8+ Kxb8 1/2-1/2

[Event "Early-Titled-Tuesday-Blitz-April-23-2024"]
[Site "Chess.com"]
[Date "2024.04.23"]
[Round "5"]
[White "Sasha_Solovev_777"]
[Black "ragnaroek66"]
[Result "1-0"]
[WhiteElo "2244"]
[BlackElo "2537"]
[TimeControl "180+1"]
[EndTime "8:52:38 PDT"]
[Termination "Sasha_Solovev_777 won by resignation"]

1. e4 c6 2. d4 d5 3. Nc3 dxe4 4. Nxe4 Bf5 5. Ng3 Bg6 6. Nf3 Nd7 7. h4 h6 8. h5 Bh7 9. Bd3 Bxd3 10. Qxd3 e6 11.
Bd2 Ngf6 12. O-O-O Be7 13. Qe2 O-O 14. Ne5 c5 15.
Nxd7 Qxd7 16. dxc5 Qa4 17. Kb1 Bd6 18. cxd6 1-0

[Event "Early-Titled-Tuesday-Blitz-April-23-2024"]
[Site "Chess.com"]
[Date "2024.04.23"]
[Round "5"]
[White "Levanzovsky"]
[Black "H3nriqueTV"]
[Result "1-0"]
[WhiteElo "2522"]
[BlackElo "2298"]
[TimeControl "180+1"]
[EndTime "8:53:18 PDT"]
[Termination "Levanzovsky won by resignation"]

1. e4 c5 2. Nf3 d6 3. d4 cxd4 4.
Qxd4 Bd7 5. Nc3 Nc6 6. Qd3 g6 7.
Be2 Bg7 8. O-O Nf6 9. Nd5 O-O 10. c3 Ng4 11. Bg5 Be6 12. Nd4 Nge5 13. Nxc6 Bxd5 14. Nxd8 Nxd3 15. Bxd3 f6 16. exd5 1-0

[Event "Early-Titled-Tuesday-Blitz-April-23-2024"]
[Site "Chess.com"]
[Date "2024.04.23"]
[Round "5"]
[White "L4ncer"]
[Black "toninhojit"]
[Result "1-0"]
[WhiteElo "2359"]
[BlackElo "2547"]
[TimeControl "180+1"]
[EndTime "8:53:35 PDT"]
[Termination "L4ncer won by resignation"]

1. e4 e5 2. Nf3 Nc6 3. Bc4 Nf6 4. d3 h6 5. c3 d6 6. b4 a6 7. a4 g5 8. Qb3 Qe7 9. Bb2 Bg7 10. Nbd2 a5 11. b5 Nb8 12. d4 Nbd7 13. dxe5 Nxe5 14. Nxe5 Qxe5 15. Bxf7+ Kf8 16. Bg6 Be6 17. c4 Qf4 18.
g3 Qg4 19. h3 Nxe4 20. hxg4 Nc5 1-0

[Event "Early-Titled-Tuesday-Blitz-April-23-2024"]
[Site "Chess.com"]
[Date "2024.04.23"]
[Round "5"]
[White "Airquake"]
[Black "kylelancman"]
[Result "1-0"]
[WhiteElo "2667"]
[BlackElo "2500"]
[TimeControl "180+1"]
[EndTime "8:53:39 PDT"]
[Termination "Airquake won by checkmate"]

1. b3 d5 2. Bb2 Bg4 3. Nf3 Bxf3 4. exf3 Nf6 5. d4 e6 6. Bd3 Bd6 7. O-O Nbd7 8. Nd2 c6 9. Re1 Qc7 10. Nf1 O-O 11. c4 Rfe8 12. Rc1 Rad8 13. h3 e5 14.
cxd5 Nxd5 15. Qc2 g6 16. Bc4 Nb4 17. Qb1 Qb8 18. Ne3 exd4 19. Ng4 h5 20. Nh6+ Kg7 21.
Bxf7 Rxe1+ 22. Rxe1 Kxh6 23. Qxg6# 1-0

[Event "Early-Titled-Tuesday-Blitz-April-23-2024"]
[Site "Chess.com"]
[Date "2024.04.23"]
[Round "5"]
[White "dvglko"]
[Black "MarlonJodar"]
[Result "0-1"]
[WhiteElo "2431"]
[BlackElo "2298"]
[TimeControl "180+1"]
[EndTime "8:53:39 PDT"]
[Termination "MarlonJodar won by resignation"]

1. e4 e5 2. Nf3 Nc6 3. Bb5 a6 4. Ba4 Nf6 5. O-O Be7 6. Re1 b5 7. Bb3 d6 8. c3 O-O 9. h3 Nb8 10. d4 Nbd7 11. Nbd2 Bb7 12. Bc2 Re8 13. Nf1 Bf8 14. Ng3 g6 15. Bg5 h6 16. Be3 exd4 17.
Bxd4 c5 18. Bxf6 Nxf6 19. a4 Qc7 20. axb5 axb5 21. Rxa8 Bxa8 22. e5 dxe5 23. Nxe5 Rxe5 0-1

[Event "Early-Titled-Tuesday-Blitz-April-23-2024"]
[Site "Chess.com"]
[Date "2024.04.23"]
[Round "5"]
[White "joshdaruca"]
[Black "SpeedofLight0"]
[Result "0-1"]
[WhiteElo "2756"]
[BlackElo "3074"]
[TimeControl "180+1"]
[EndTime "8:53:57 PDT"]
[Termination "SpeedofLight0 won by resignation"]

1. b3 d5 2. Bb2 Bg4 3. f3 Bh5 4. h4 f6 5. d4 Nc6 6. e3 e5 7. g4 Bf7 8. Nc3 Bd6 9. Nge2 Nge7 10. Qd2 Qd7 11. h5 O-O-O 12. O-O-O Rhe8 13. Kb1 Kb8 14. Bh3 a6 15. a3 Na7 16. Na4 Nb5 17. Ka2 Nc6 18. Bg2 Qe7 19. b4 exd4 20. Nxd4 Qxe3 21. Qxe3 Rxe3 22. Nxc6+ bxc6 23. Rhe1 d4+ 24. Ka1 Nxa3 0-1

[Event "Early-Titled-Tuesday-Blitz-April-23-2024"]
[Site "Chess.com"]
[Date "2024.04.23"]
[Round "5"]
[White "SHIVACalypso"]
[Black "bazar-wokzal"]
[Result "1-0"]
[WhiteElo "2460"]
[BlackElo "2592"]
[TimeControl "180+1"]
[EndTime "8:54:02 PDT"]
[Termination "SHIVACalypso won by resignation"]

1. d4 Nf6 2. c4 Nc6 3. d5 Ne5 4. Nf3 Nxc4 5. e4 Nb6 6. e5 Nfxd5 7. a4 a5 8. Nc3 e6 9. Bb5 Bb4 10. O-O Bxc3 11. bxc3 Nxc3 12. Qc2 Nxb5 13. axb5 O-O 14.
Ng5 g6 15. Rd1 d5 16. Ne4 Nd7 17. Bg5 Qe8 18. Nf6+ Nxf6 19. Bxf6 h6 20. Ra3 Kh7 21.
Rh3 Rg8 22. Rd4 a4 23. Rxh6+ 1-0

[Event "Early-Titled-Tuesday-Blitz-April-23-2024"]
[Site "Chess.com"]
[Date "2024.04.23"]
[Round "5"]
[White "Brave_spirit12"]
[Black "Ramla2020"]
[Result "1-0"]
[WhiteElo "2717"]
[BlackElo "2512"]
[TimeControl "180+1"]
[EndTime "8:54:11 PDT"]
[Termination "Brave_spirit12 won by resignation"]

1. e4 e5 2. Nf3 d6 3. d4 Nd7 4. Bc4 c6 5. Nc3 Be7 6. a4 Ngf6 7. a5 O-O 8. O-O Nxe4 9. Nxe4 d5 10. Nxe5 Nxe5 11.
dxe5 dxc4 12. Nd6 Bxd6 13. exd6 Be6 14. Qd4 Bd5 15. Bf4 Re8 16. a6 Re4 17. Qd2 b5 18. Rae1 Qd7 19. f3 Rxe1 20. Rxe1 Re8 21. Rxe8+ Qxe8 22. Qe3 Qd7 23. Qe7 Be6 24. Be3 f6 25.
Qxd7 Bxd7 26. Bxa7 Kf7 27. Bc5 Bc8 28. a7 Bb7 29. d7 1-0

[Event "Early-Titled-Tuesday-Blitz-April-23-2024"]
[Site "Chess.com"]
[Date "2024.04.23"]
[Round "5"]
[White "ahmedkandiliii"]
[Black "giovannibrandao7"]
[Result "0-1"]
[WhiteElo "2510"]
[BlackElo "2329"]
[TimeControl "180+1"]
[EndTime "8:54:14 PDT"]
[Termination "giovannibrandao7 won by resignation"]

1. b3 e5 2. Bb2 Nc6 3. e3 d5 4.
d3 Nf6 5. Nf3 Bd6 6. Nbd2 O-O 7.
Be2 h6 8. c4 Bg4 9. cxd5 Nxd5 10. O-O Qe7 11. Nxe5 Bxe2 12. Nxc6 Bxh2+ 13. Kh1 Qh4 14. Nf3 Bxf3 15. Qxf3 Bg3+ 0-1

[Event "Early-Titled-Tuesday-Blitz-April-23-2024"]
[Site "Chess.com"]
[Date "2024.04.23"]
[Round "5"]
[White "Jojo_898"]
[Black "koncheto"]
[Result "0-1"]
[WhiteElo "2436"]
[BlackElo "2608"]
[TimeControl "180+1"]
[EndTime "8:54:31 PDT"]
[Termination "koncheto won by resignation"]

1. e4 c5 2. Nf3 d6 3. c3 Nf6 4. Bd3 g6 5. h3 Bg7 6. O-O O-O 7.
Bc2 Nc6 8. d4 cxd4 9. cxd4 Nd7 10.
Nc3 a6 11. Be3 Rb8 12. Qd2 b5 13. Bh6 Bb7 14. Bxg7 Kxg7 15. a3 Rc8 16. Rfe1 e5 17.
d5 Na5 18. Bd3 Nb3 19. Qe3 Nxa1 20. Rxa1 Qb6 21. Qg5 f6 22. Qg3 Nc5 23. Nh4 Nxd3 24. Qxd3 b4 25. axb4 Qxb4 26. Rb1 a5 27. Qg3 Rxc3 28.
Qxc3 Qxe4 29. Nf3 Qxb1+ 0-1

[Event "Early-Titled-Tuesday-Blitz-April-23-2024"]
[Site "Chess.com"]
[Date "2024.04.23"]
[Round "5"]
[White "Kyrko_Gamba"]
[Black "stratacticos"]
[Result "1-0"]
[WhiteElo "2429"]
[BlackElo "1851"]
[TimeControl "180+1"]
[EndTime "8:54:34 PDT"]
[Termination "Kyrko_Gamba won by resignation"]

1. b3 e5 2. Bb2 d6 3. e3 Nf6 4. c4 Be7 5. d4 exd4 6. exd4 d5 7. Nf3 O-O 8. Be2 dxc4 9. bxc4 b5 10. cxb5 a6 11.
O-O axb5 12. Bxb5 Ra5 13. a4 c6 14. Bd3 Bf5 15. Bc3 Rd5 16. Bxf5 Rxf5 17. Nbd2 Nd5 18. Qc2 Nxc3 19. Qxf5 Bf6 20. Ne4 Bxd4 21. Nxc3 Bxc3 22.
Rad1 Qb6 23. Ng5 g6 24. Qh3 h5 25. Qxc3 1-0

[Event "Early-Titled-Tuesday-Blitz-April-23-2024"]
[Site "Chess.com"]
[Date "2024.04.23"]
[Round "5"]
[White "tetrix83"]
[Black "Eliwood44"]
[Result "1-0"]
[WhiteElo "2631"]
[BlackElo "2474"]
[TimeControl "180+1"]
[EndTime "8:54:48 PDT"]
[Termination "tetrix83 won by checkmate"]

1. e4 e5 2. Nf3 Nc6 3. Bb5 Nf6 4. O-O Nxe4 5. Re1 Nd6 6. Nxe5 Be7 7. Bf1 O-O 8. d4 Nf5 9. c3 d5 10. Nxc6 bxc6 11.
Bd3 Nd6 12. Bf4 Re8 13. Nd2 Bf8 14. Qc2 g6 15. Rxe8 Qxe8 16. Nf3 Qd8 17. Re1 Bf5 18. Bxf5 Nxf5 19. Qa4 c5 20. dxc5 Bxc5 21. Qc6 Bb6 22. Rd1 d4 23. cxd4 Nxd4 24. Nxd4 Bxd4 25. Rxd4 Qxd4 26. Qxa8+ Kg7 27. Qf3 Qxb2 28. h4 Qxa2 29. Qc3+ Kg8 30. Bh6 Qb1+ 31. Kh2 Qf5 32. Qg7# 1-0

[Event "Early-Titled-Tuesday-Blitz-April-23-2024"]
[Site "Chess.com"]
[Date "2024.04.23"]
[Round "5"]
[White "AsaHoffmann"]
[Black "ScofieldMichael01"]
[Result "0-1"]
[WhiteElo "2397"]
[BlackElo "2604"]
[TimeControl "180+1"]
[EndTime "8:54:50 PDT"]
[Termination "ScofieldMichael01 won by resignation"]

1. d4 c5 2. dxc5 Na6 3. Nc3 Nxc5 4. e4 d6 5. Be3 b6 6. f3 Nf6 7. Bc4 e6 8. b4 Ncd7 9. Bb3 Be7 10. Nge2 O-O 11. a4 Bb7 12. a5 bxa5 13. bxa5 Nc5 14. Bxc5 dxc5 15. Qxd8 Rfxd8 16. Bc4 Nd7 17. f4 Bc6 18.
Kf2 Nf6 19. Kf3 Nxe4 20. Nxe4 f5 21. Ng3 fxe4+ 22. Nxe4 Bxe4+ 23. Kxe4 Rd4+ 24. Ke5 Rxc4 25. Kxe6 Bf6 26. Ra2 Rxf4 0-1

[Event "Early-Titled-Tuesday-Blitz-April-23-2024"]
[Site "Chess.com"]
[Date "2024.04.23"]
[Round "5"]
[White "Boxerandchessplayer"]
[Black "kasparicy"]
[Result "0-1"]
[WhiteElo "2214"]
[BlackElo "2509"]
[TimeControl "180+1"]
[EndTime "8:54:57 PDT"]
[Termination "kasparicy won by resignation"]

1. Nf3 f5 2. e3 Nf6 3. c4 d6 4.
Nc3 e5 5. d3 Be7 6. Be2 O-O 7.
O-O Nc6 8. Rb1 a5 9. a3 Qe8 10. b4 axb4 11. axb4 Qg6 12. b5 Na5 13. Kh1 b6 14. e4 Kh8 15. exf5 Qxf5 16. Nd2 Bb7 17. Nde4 Qg6 18. Bf3 Nxe4 19. Bxe4 Bxe4 20. Nxe4 Nxc4 21.
dxc4 Qxe4 22. Qd5 Qxb1 0-1

[Event "Early-Titled-Tuesday-Blitz-April-23-2024"]
[Site "Chess.com"]
[Date "2024.04.23"]
[Round "5"]
[White "Alexchess1984"]
[Black "Suleyman_Chess06"]
[Result "1-0"]
[WhiteElo "2663"]
[BlackElo "2823"]
[TimeControl "180+1"]
[EndTime "8:55:01 PDT"]
[Termination "Alexchess1984 won by resignation"]

1. d4 Nf6 2. Bf4 b6 3. e3 Bb7 4. Nf3 Nh5 5. Bg3 d6 6. c4 Nxg3 7. hxg3 g6 8. Nc3 Bg7 9. Be2 Nd7 10. Rc1 e5 11. b4 O-O 12. O-O Qe7 13. a4 e4 14. Nd2 f5 15. Nd5 Bxd5 16. cxd5 Nf6 17. Qb3 g5 18. Rc3 g4 19. Rfc1 Ne8 20. Bb5 Rc8 21. Ba6 Rd8 22. Bb5 Rf6 23. Bxe8 Qxe8 24. Rxc7 Rh6 25. Qc2 Qh5 26. Kf1 Qh1+ 27. Ke2 Qxg2 28.
Rxg7+ Kxg7 29. Qc7+ Kg6 30. Qxd8 Rh2 31. Qe8+ Kg5 32. Qg8+ Kh6 33. Qf8+ Kg6 34. Qxd6+ Kh5 35. Qf4 1-0

[Event "Early-Titled-Tuesday-Blitz-April-23-2024"]
[Site "Chess.com"]
[Date "2024.04.23"]
[Round "5"]
[White "GrotBchess"]
[Black "only_strong_moves"]
[Result "0-1"]
[WhiteElo "2461"]
[BlackElo "2705"]
[TimeControl "180+1"]
[EndTime "8:55:02 PDT"]
[Termination "only_strong_moves won by resignation"]

1. e4 d5 2. e5 c5 3. c3 Bf5 4. d4 e6 5. Nf3 Nc6 6. Bb5 Qb6 7. Be2 h5 8. O-O Be7 9. Na3 cxd4 10. cxd4 g5 11.
Bxg5 Bxg5 12. Nxg5 Qxd4 13. Qxd4 Nxd4 14. Nb5 Nxe2+ 15.
Kh1 Kf8 16. Rfe1 Nf4 17. Nd6 Nh6 18. Rec1 Rg8 19. h4 Rg7 20. Rc7 f6 21. Rxg7 Kxg7 22. exf6+ Kxf6 23. Nxb7 Rb8 24. Nc5 Rxb2 25. Nd7+ Ke7 26.
Ne5 Ng4 27. Nxg4 hxg4 28. Kg1 d4 29. Rc1 Ne2+ 0-1

[Event "Early-Titled-Tuesday-Blitz-April-23-2024"]
[Site "Chess.com"]
[Date "2024.04.23"]
[Round "5"]
[White "kai_nov"]
[Black "Der_Balak_3Halak"]
[Result "0-1"]
[WhiteElo "2282"]
[BlackElo "2447"]
[TimeControl "180+1"]
[EndTime "8:55:07 PDT"]
[Termination "Der_Balak_3Halak won by resignation"]

1. e4 c6 2. d4 d5 3. exd5 cxd5 4. Nf3 Nc6 5. Bd3 Bg4 6. c3 e6 7. O-O Bd6 8. h3 Bh5 9. g4 Bg6 10. Bxg6 hxg6 11. Kg2 Nf6 12. Bg5 Qc7 13. Na3 a6 14. c4 Ne4 15. cxd5 exd5 16. Re1 f5 17. Qb3 Qf7 18.
gxf5 Qxf5 19. h4 O-O 20. Qxb7 Qxf3+ 0-1

[Event "Early-Titled-Tuesday-Blitz-April-23-2024"]
[Site "Chess.com"]
[Date "2024.04.23"]
[Round "5"]
[White "soupeOchoux"]
[Black "Javadovvv"]
[Result "0-1"]
[WhiteElo "2423"]
[BlackElo "2656"]
[TimeControl "180+1"]
[EndTime "8:55:08 PDT"]
[Termination "Javadovvv won by resignation"]

1. d4 e6 2. e4 d5 3. Nc3 dxe4 4. Nxe4 Nd7 5. Bd3 Ngf6 6. Qe2 c5 7. dxc5 Nxc5 8.
Nxc5 Qa5+ 9. c3 Qxc5 10. Nf3 Be7 11. Bg5 Bd7 12. Ne5 Bc6 13. Nxc6 Qxg5 14. Nxe7 Kxe7 15. O-O Rhd8 16. Rfd1 Qc5 17. Be4 Qc7 18. Bf3 Rac8 19. g3 h6 20. Qb5 b6 21. a4 Rxd1+ 22. Rxd1 Rd8 23. Rxd8 Qxd8 24. Kg2 Qd7 25. Bc6 Qc7 26. Bf3 Qd7 27. Qc4 Kd8 28. Bc6 Qc7 29. Qd4+ Ke7 30. Bf3 Qc5 31. Qxc5+ bxc5 32. b4 cxb4 33. cxb4 Kd6 34.
Kf1 Ke5 35. Ke2 Kd4 36. Kd2 Kc4 37. b5 Kb4 38. Bd1 Nd5 39. Kd3 Nc3 40. a5 Nxb5 41.
Ke4 Nc3+ 0-1

[Event "Early-Titled-Tuesday-Blitz-April-23-2024"]
[Site "Chess.com"]
[Date "2024.04.23"]
[Round "5"]
[White "whiteglovethief"]
[Black "inagreV"]
[Result "0-1"]
[WhiteElo "2577"]
[BlackElo "2394"]
[TimeControl "180+1"]
[EndTime "8:55:12 PDT"]
[Termination "inagreV won by checkmate"]

1. d4 Nf6 2. c4 g6 3. Nc3 Bg7 4. e4 d6 5. Nf3 O-O 6. Be2 e5 7. O-O Bg4 8. dxe5 Bxf3 9. exf6 Bxe2 10. fxg7 Bxd1 11. gxf8=Q+ Qxf8 12. Rxd1 Nc6 13. b3 f5 14. Nd5 Rc8 15. exf5 Qxf5 16. b4 Kf8 17. Bh6+ Kf7 18. Re1 Re8 19. Rxe8 Kxe8 20. Nxc7+ Kd7 21. Nd5 Ne5 22. c5 Ng4 23. Ne3 Qe5 24. Rd1 Qxh2+ 25. Kf1 Nxh6 26. Rxd6+ Ke8 27. a3 Nf5 28. Nxf5 Qh1+ 29.
Ke2 Qh5+ 30. Ke3 Qxf5 31. g3 Qe5+ 32. Kf3 Qc3+ 33. Kf4 Qxa3 34. Rd4 Qc3 35. Ke4 Ke7 36. f3 Ke6 37. g4 Qe1+ 38. Kf4 Qe5# 0-1

[Event "Early-Titled-Tuesday-Blitz-April-23-2024"]
[Site "Chess.com"]
[Date "2024.04.23"]
[Round "5"]
[White "2Coaches1Profile"]
[Black "DarZay"]
[Result "1-0"]
[WhiteElo "2562"]
[BlackElo "2312"]
[TimeControl "180+1"]
[EndTime "8:55:12 PDT"]
[Termination "2Coaches1Profile won by resignation"]

1. e4 c5 2. c3 Nc6 3. d4 cxd4 4. cxd4 d5 5. exd5 Qxd5 6. Nf3 Bg4 7. Nc3 Bxf3 8. gxf3 Qxd4 9. Qxd4 Nxd4 10. Nb5 Nxb5 11. Bxb5+ Kd8 12. Be3 e5 13. Rd1+ Ke7 14. Rd7+ Kf6 15.
Rxb7 Bb4+ 16. Ke2 Ne7 17. a3 Bd6 18. Rd1 Nf5 19. Rxa7 Nxe3 20. Rxd6+ Kf5 21. Rxa8 Rxa8 22. fxe3 Rb8 23. Bd3+ Kg5 24. b4 f5 25. b5 e4 26.
fxe4 fxe4 27. Bc4 Rc8 28. Rc6 Ra8 29. b6 Rxa3 30. b7 1-0

[Event "Early-Titled-Tuesday-Blitz-April-23-2024"]
[Site "Chess.com"]
[Date "2024.04.23"]
[Round "5"]
[White "TokChess"]
[Black "ccccvhhhj"]
[Result "1-0"]
[WhiteElo "2616"]
[BlackElo "2456"]
[TimeControl "180+1"]
[EndTime "8:55:15 PDT"]
[Termination "TokChess won by resignation"]

1. c4 e6 2. b3 f5 3. Bb2 Nf6 4. g3 d6 5. Bg2 e5 6. d4 e4 7.
d5 Be7 8. Nh3 O-O 9. O-O Nbd7 10. Nf4 Ne5 11. f3 a5 12. Nc3 exf3 13. exf3 Kh8 14.
Nce2 c5 15. a4 g5 16. Ne6 Bxe6 17. dxe6 Qc8 18. f4 gxf4 19. Nxf4 Qc7 20. Nd5 Nxd5 21. Qxd5 Bf6 22. Rxf5 Nf3+ 23. Qxf3 Bxb2 24. Rxf8+ Kg7 1-0

[Event "Early-Titled-Tuesday-Blitz-April-23-2024"]
[Site "Chess.com"]
[Date "2024.04.23"]
[Round "5"]
[White "KubaGepard"]
[Black "NovakRatko"]
[Result "1-0"]
[WhiteElo "2597"]
[BlackElo "2380"]
[TimeControl "180+1"]
[EndTime "8:55:17 PDT"]
[Termination "KubaGepard won by checkmate"]

1. e4 d5 2. Nc3 d4 3. Nce2 c5 4.
d3 Nc6 5. f4 e5 6. Nf3 f5 7.
exf5 Bxf5 8. fxe5 Bg4 9. Bf4 Bxf3 10. gxf3 Qd5 11. Ng3 Nge7 12. Ne4 Ng6 13. Bg3 Ncxe5 14. f4 Nc4 15. Bg2 Ne3 16. Nf6+ gxf6 17. Bxd5 Nxd1 18.
Kxd1 O-O-O 19. Be6+ Kc7 20. f5+ Ne5 21. Re1 Bd6 22.
Ke2 h5 23. Bh4 Rdf8 24. h3 Nc6 25. Rg1 Rh7 26. Rg6 Be5 27. Rag1 Nb4 28. Rg7+ Rxg7 29.
Rxg7+ Kb6 30. Kd1 Kc6 31. Bd7+ Kd6 32. Ba4 Nd5 33. Rd7# 1-0

[Event "Early-Titled-Tuesday-Blitz-April-23-2024"]
[Site "Chess.com"]
[Date "2024.04.23"]
[Round "5"]
[White "Kotofeyca"]
[Black "BashirovKemal"]
[Result "1-0"]
[WhiteElo "2491"]
[BlackElo "2718"]
[TimeControl "180+1"]
[EndTime "8:55:18 PDT"]
[Termination "Kotofeyca won by resignation"]

1. d4 Nf6 2. c4 e6 3. Nf3 b6 4. g3 Ba6 5. Qa4 Bb7 6. Bg2 c5 7.
dxc5 bxc5 8. Nc3 Be7 9. O-O O-O 10. Rd1 d6 11. Bf4 Qb6 12. Qb5 e5 13. Bg5 Nbd7 14.
Qxb6 Nxb6 15. Bxf6 gxf6 16. b3 f5 17. Nh4 Bxg2 18. Nxf5 Bf6 19. Kxg2 e4 20. Rac1 Nc8 21. Nxd6 Bxc3 22. Nxc8 Be5 23. Ne7+ Kg7 24. Rd5 Bd4 25.
Nf5+ 1-0

[Event "Early-Titled-Tuesday-Blitz-April-23-2024"]
[Site "Chess.com"]
[Date "2024.04.23"]
[Round "5"]
[White "Sam_ChessMood"]
[Black "Hikaru"]
[Result "0-1"]
[WhiteElo "2964"]
[BlackElo "3296"]
[TimeControl "180+1"]
[EndTime "8:55:20 PDT"]
[Termination "Hikaru won on time"]

1. d4 a6 2. Nf3 b5 3. g3 Bb7 4. Bg2 Nf6 5. O-O e6 6. Bg5 c5 7.
c3 d6 8. Nbd2 Nbd7 9. e4 Be7 10.
Re1 h6 11. Bxf6 Bxf6 12. e5 dxe5 13. dxe5 Be7 14. Ne4 Nb6 15. Nd6+ Bxd6 16. exd6 Nd7 17. Qd2 Qf6 18. Qe3 Rb8 19. Rad1 Bxf3 20. Bxf3 Rb6 21. b4 cxb4 22. cxb4 O-O 23. Bg2 Rd8 24. Rd2 Rc8 25. h4 Qc3 26. Rd3 Qxb4 0-1

[Event "Early-Titled-Tuesday-Blitz-April-23-2024"]
[Site "Chess.com"]
[Date "2024.04.23"]
[Round "5"]
[White "Tol_Tol"]
[Black "klifus"]
[Result "1-0"]
[WhiteElo "2382"]
[BlackElo "2091"]
[TimeControl "180+1"]
[EndTime "8:55:21 PDT"]
[Termination "Tol_Tol won by resignation"]

1. d4 Nf6 2. c4 g6 3. Nc3 Bg7 4. e4 d6 5. f3 O-O 6. Be3 c5 7.
dxc5 dxc5 8. Qxd8 Rxd8 9. Bxc5 Nc6 10. Nd5 Nxd5 11. cxd5 Bxb2 12. Rb1 Bc3+ 13. Kf2 Bd4+ 14. Bxd4 Nxd4 15. Ke3 e5 16. f4 f6 17. fxe5 fxe5 18. Nf3 Nxf3 19. gxf3 b6 20. f4 exf4+ 21. Kxf4 Rf8+ 22.
Ke3 Bg4 23. Be2 Bxe2 24. Kxe2 Rae8 25. Kd3 Rf3+ 26. Kd4 Rf2 27. Rbd1 Re2 28. d6 R2xe4+ 29. Kd5 R8e5+ 30. Kc6 Rc4+ 31. Kb7 Re8 32. d7 Rd8 33. Rhe1 Kf7 34. Re2 b5 35. Rf1+ Kg7 36. Re7+ Kg8 37. Re8+ 1-0

[Event "Early-Titled-Tuesday-Blitz-April-23-2024"]
[Site "Chess.com"]
[Date "2024.04.23"]
[Round "5"]
[White "Jospem"]
[Black "Witik"]
[Result "1-0"]
[WhiteElo "3078"]
[BlackElo "2762"]
[TimeControl "180+1"]
[EndTime "8:55:33 PDT"]
[Termination "Jospem won by resignation"]

1. e4 e5 2. Nf3 Nc6 3. Nc3 Nf6 4.
h3 Bb4 5. a3 Bxc3 6. dxc3 Nxe4 7.
Nxe5 Nxe5 8. Qd4 O-O 9. Qxe4 Re8 10. Be3 d5 11. Qf4 Ng6 12. Qd4 Bf5 13. O-O-O c6 14. c4 dxc4 15. Qxd8 Raxd8 16. Rxd8 Rxd8 17. Bxc4 b6 18. Re1 Kf8 19. b3 Be6 20. Bf1 Ne7 21. Bg5 h6 22. Bd2 Nf5 23. Bc3 c5 24. a4 a5 25. Be5 Rd7 26. Bb5 Ra7 27. Rd1 Ke7 28. g4 Nd4 29. Bxd4 cxd4 30. Rxd4 Rc7 31.
Kb2 g5 32. f4 f6 33. f5 Bf7 34. c3 Rc5 35. Rd7+ Kf8 36. Rd6 1-0

[Event "Early-Titled-Tuesday-Blitz-April-23-2024"]
[Site "Chess.com"]
[Date "2024.04.23"]
[Round "5"]
[White "Kildepiotr"]
[Black "rezamahdavi2008"]
[Result "1-0"]
[WhiteElo "2714"]
[BlackElo "2900"]
[TimeControl "180+1"]
[EndTime "8:55:39 PDT"]
[Termination "Kildepiotr won by resignation"]

1. Nf3 Nf6 2. g3 b6 3. Bg2 Bb7 4. O-O g6 5. c4 Bg7 6. Nc3 O-O 7. d3 e6 8. e4 d5 9. cxd5 exd5 10. e5 Nfd7 11. d4 c5 12. Bg5 f6 13. exf6 Nxf6 14.
Ne5 c4 15. b3 cxb3 16. Qxb3 Nbd7 17. Rad1 Kh8 18. Bxd5 Bxd5 19. Nxd5 Qc8 20. Rc1 Qb7 21. Nc7 Rac8 22. Ne6 Rxc1 23. Rxc1 Rc8 24. Rxc8+ Qxc8 25. Nxg7 1-0

[Event "Early-Titled-Tuesday-Blitz-April-23-2024"]
[Site "Chess.com"]
[Date "2024.04.23"]
[Round "5"]
[White "Schattman"]
[Black "JaackCamel"]
[Result "1-0"]
[WhiteElo "2467"]
[BlackElo "2193"]
[TimeControl "180+1"]
[EndTime "8:55:40 PDT"]
[Termination "Schattman won by resignation"]

1. e4 e6 2. d4 d5 3. e5 c5 4. c3 Nc6 5. Nf3 Qb6 6. Be2 cxd4 7. cxd4 Nh6 8. Bxh6 Qxb2 9. Nbd2 gxh6 10. Rb1 Qa3 11. O-O Bg7 12. Re1 O-O 13. Nf1 a6 14. Ng3 f6 15.
Nh5 fxe5 16. Nxg7 Kxg7 17. Rb3 Qxa2 18. Nxe5 Nxe5 19. dxe5 b5 20. Rg3+ Kh8 21. Qc1 Ra7 22.
Qxh6 Raf7 23. Rf3 Qc2 24. Rxf7 Rxf7 25. Rc1 1-0

[Event "Early-Titled-Tuesday-Blitz-April-23-2024"]
[Site "Chess.com"]
[Date "2024.04.23"]
[Round "5"]
[White "hmatyi07"]
[Black "LeoLV10"]
[Result "0-1"]
[WhiteElo "2303"]
[BlackElo "2500"]
[TimeControl "180+1"]
[EndTime "8:55:43 PDT"]
[Termination "LeoLV10 won by resignation"]

1. e4 c6 2. c4 d5 3. cxd5 cxd5 4. exd5 Nf6 5. Qa4+ Nbd7 6. Nc3 g6 7. Nf3 Bg7 8. Bc4 O-O 9. d3 a6 10. Qa3 Rb8 11.
Bf4 Ra8 12. O-O Nb6 13. Bg5 Bf5 14. Rfe1 Nfxd5 15. Nxd5 Nxd5 16. Bxe7 Nxe7 17. Qxe7 Bxd3 18. Bxd3 Qxd3 19. Rad1 Qb5 20. b3 Rae8 21. Qc7 Rc8 22. Qf4 Rc2 23. Re7 Qc5 24. Ree1 Qxf2+ 0-1